 Dungeon Crawl Stone Soup version 0.22-a0-533-g4d20840 (webtiles) character file.

44 Amnesiac the Ducker (level 3, -7/19 HPs)
             Began as a Spriggan Berserker on June 22, 2018.
             Was a Believer of Trog.
             Mangled by a worm (10 damage)
             ... on level 2 of the Dungeon.
             The game lasted 00:02:09 (792 turns).

Amnesiac the Ducker (Spriggan Berserker)             Turns: 792, Time: 00:02:09

Health: -7/19      AC:  2    Str: 20 (23) XL:     3   Next: 41%
Magic:  4/4        EV: 19    Int:  7 (8)  God:    Trog [**....]
Gold:   25         SH:  0    Dex: 12 (15) Spells: 2/2 levels left

rFire    . . .     SeeInvis +   a - +0 short sword
rCold    . . .     Gourm    .   (shield restricted)
rNeg     . . .     Faith    .   b - +0 animal skin
rPois    .         Spirit   .   (helmet restricted)
rElec    .         Reflect  .   (no cloak)
rCorr    .         Harm     .   (gloves unavailable)
MR       .....     Rnd*Tele +   (boots unavailable)
Stlth    +.........             (no amulet)
HPRegen  0.06/turn              j - ring of teleportation
MPRegen  0.09/turn              f - +4 ring of strength

@: mighty, very quick
A: very small, unfitting armour, see invisible, herbivore, speed 3, slow
metabolism 2
a: Berserk, Trog's Hand, Renounce Religion


You were on level 2 of the Dungeon.
You worshipped Trog.
Trog was pleased with you.
You were not hungry.

You visited 1 branch of the dungeon, and saw 2 of its levels.

You collected 25 gold pieces.

Inventory:

Hand Weapons
 a - a +0 short sword (weapon)
Missiles
 d - 34 stones (quivered)
Armour
 b - a +0 animal skin (worn)
Jewellery
 e - an uncursed ring of positive energy
 f - a +4 ring of strength (right hand)
 j - a ring of teleportation (left hand)
Scrolls
 i - a scroll of identify {!r, unknown}
Comestibles
 c - 3 rations


   Skills:
 - Level 2.4 Fighting
 + Level 4.2 Short Blades
 + Level 5.6 Dodging


You had 2 spell levels left.
You didn't know any spells.
Your spell library was empty.

Dungeon Overview and Level Annotations

Branches:
Dungeon (2/15)

Altars:


Innate Abilities, Weirdness & Mutations

You are very small and have problems with some larger weapons.
You are too small for most types of armour.
You have supernaturally acute eyesight. (SInv)
You are a herbivore.
You cover ground extremely quickly.
You need to consume almost no food.


Message History

The adder is almost dead.
The adder misses you.
You hit the adder but do no damage.
The adder is almost dead.
You feel sick. The adder bites you. x2
* * * LOW HITPOINT WARNING * * *
You hit the adder but do no damage.
The adder is almost dead.
The adder completely misses you.
You closely miss the adder.
The adder is almost dead.
You feel sick. The adder bites you.
* * * LOW HITPOINT WARNING * * *
You hit the adder.
The adder is almost dead.
The adder closely misses you.
You closely miss the adder.
The adder is almost dead.
The adder closely misses you.
You closely miss the adder.
The adder is almost dead.
You feel sick. The adder closely misses you.
You hit the adder.
You kill the adder!
Trog accepts your kill.
A worm comes into view.
You see here a rat corpse.
A worm comes into view.
You feel sick.
Found a bubbling golden potion.
You feel sick.
You see here a bubbling golden potion {!q}.
k - a bubbling golden potion {!q} You feel sick.
Really quaff
h - a grey potion {!q}?
It was a potion of might {!q}.
You feel very mighty all of a sudden.
Really quaff
k - a bubbling golden potion {!q}?
It was a potion of degeneration {!q}.
There was something very wrong with that liquid.
You feel weakened.
You feel dopey.
You feel clumsy.
You hit the hobgoblin.
You kill the hobgoblin!
Trog accepts your kill.
You feel sick.
You are no longer poisoned.
You puncture the kobold!
You kill the kobold!
Trog accepts your kill.
You aren't carrying any potions.
Really read
g - a scroll labeled TOJOWIUSUZ {!r}?
As you read the scroll labeled TOJOWIUSUZ {!r}, it crumbles to dust.
You feel as if something is helping you.
It was a scroll of remove curse {!r}.
You puncture the worm!
The worm is heavily wounded.
The worm closely misses you.
You puncture the worm!
The worm is severely wounded.
You completely miss the worm.
The worm is severely wounded.
The worm bites you!
Ouch! That really hurt!
You die...

#.......#
#.K.⌠.<.#
#.......##
#....#....# #?..
##...###### .g.
###....#.... .⌠
#.##.⌠...# .
#.##...#.... #
#@###.###### #.#
#w# #.# ## .. #.#
#.# .. #.###.#
#g###.###
#....w###†.......
###.....w.....###
#....#.###...#.#
#.##.#.#.......#
# #.#.........#


You could see 2 worms.

Vanquished Creatures
  An adder (D:2)
  An ooze (D:1)
  2 dart slugs (D:1)
  A giant cockroach (D:1)
  A goblin (D:1)
  4 hobgoblins
  6 bats (D:1)
  4 frilled lizards (D:1)
  3 kobolds
  6 rats
29 creatures vanquished.

Notes
Turn   | Place    | Note
-------+----------+-------------------------------------------
     0 | D:1      | Amnesiac the Spriggan Berserker began the quest for the Orb.
     0 | D:1      | Reached XP level 1. HP: 11/11 MP: 2/2
   113 | D:1      | Reached XP level 2. HP: 11/16 MP: 3/3
   258 | D:1      | Reached skill level 5 in Dodging
   420 | D:1      | Reached ** piety under Trog
   514 | D:1      | Reached XP level 3. HP: 15/19 MP: 4/4
   792 | D:2      | Mangled by a worm

Vault maps used:
D:1:      lemuel_arrival_cross, kennysheep_nondescript, minmay_distorted
D:2:      minmay_diamond_boxcup, grunt_ministairs_13

Skill      XL: |  1  2 |
---------------+-------+-----
Dodging        | 5 |  5.6
Short Blades   | 4 |  4.2
Fighting       | |  2.4

Action                   || total
-------------------------++-------
Melee: Short sword       ||    82
  Use: Potion            ||     2
       Scroll            ||     1
 Stab: Sleeping          ||     2
Armor: Animal skin       ||     5
Dodge: Dodged            ||    68

Table legend:
 A = Spawn XP
 B = Non-spawn XP
 C = Spawn XP percentage of total XP
 D = Spawn monster count
 E = Non-spawn monster count
 F = Spawn count percentage of total count
 G = Total turns spent on level
                    A         B        C        D         E        F      G
               +---------+---------+-------+---------+---------+-------+---------
         Total |       0 |      64 |   0.0 |       0 |      29 |   0.0 |   792
               +---------+---------+-------+---------+---------+-------+---------
           D:1 |       0 |      47 |   0.0 |       0 |      25 |   0.0 |   739
           D:2 |       0 |      17 |   0.0 |       0 |       4 |   0.0 |    53
               +---------+---------+-------+---------+---------+-------+---------
